 Dungeon Sprint DCSS version 0.28.0-62-gf88900778d (webtiles) character file.

Game seed: 7167676960880605297

422 cbfl8 the Cleaver (level 6, -2/67 HPs)
             Began as a Minotaur Berserker on Jan 12, 2024.
             Was a Believer of Trog.
             Slain by Sonja
             ... wielding a +0 dagger of venom
              (7 damage)
             ... in the Dungeon (Sprint I: "Red Sonja").
             The game lasted 00:01:31 (1140 turns).

cbfl8 the Cleaver (Minotaur Berserker)              Turns: 1140, Time: 00:01:31

Health: -2/67      AC:  3    Str: 23    XL:     6   Next: 63%
Magic:  5/5        EV: 13    Int:  4    God:    Trog [**....]
Gold:   297        SH:  0    Dex: 10    Spells: 5/5 levels left

rFire   . . .      SeeInvis .   a - +0 hand axe
rCold   . . .      Faith    .   (no shield)
rNeg    . . .      Spirit   .   g - +0 leather armour
rPois   .          Reflect  .   (helmet restricted)
rElec   .          Harm     .   (no cloak)
rCorr   .          Rampage  .   (no gloves)
Will    .....      NoTele   +   (no boots)
Stlth   +.........              (no amulet)
HPRegen 0.21/turn               (no ring)
MPRegen 0.09/turn               (no ring)

@: lethally poisoned (-2 -> -37), slowed, very slow
A: horns 2, retaliatory headbutt
a: Renounce Religion, Berserk, Trog's Hand


You were in the Dungeon.
You worshipped Trog.
Trog was pleased with you.
You visited 1 branch You collected 297 gold pieces.

Inventory:

Hand Weapons
 a - a +0 hand axe (weapon)
Armour
 g - a +0 leather armour (worn)
Scrolls
 b - a scroll of fog {unknown}
 h - a scroll of blinking
Potions
 c - a potion of curing
 d - a potion of heal wounds
 e - a potion of haste
 f - 2 potions of magic


   Skills:
 + Level 10.9 Fighting
 + Level 11.0 Axes
 + Level 6.1 Armour
 - Level 5.0 Dodging
 - Level 1.0 Stealth
 * Level 3.1 Evocations


You had 5 spell levels left.
You didn't know any spells.
Your spell library was empty.

Dungeon Overview and Level Annotations

Branches:
Dungeon (1/1)

Altars:
Cheibriados
Dithmenos
Elyvilon
Fedhas
Gozag
Hepliaklqana
Kikubaaqudgha
Nemelex Xobeh
Okawaru
Qazlal
Ru
Sif Muna
Trog
Uskayaw
Vehumet
Wu Jian
Yredelemnul
Zin
The Shining One

Shops:
D =

Annotations:
D Sonja


Innate Abilities, Weirdness & Mutations

You have a pair of horns on your head.
You reflexively headbutt those who attack you in melee.


Message History

You feel sick.
Sonja throws a curare-tipped dart.
The curare-tipped dart hits you.
You are more poisoned.
You have difficulty breathing.
You feel as though you will be slow longer.
Unknown command.
You feel very sick.
Sonja throws a curare-tipped dart.
The curare-tipped dart misses you.
Unknown command.
Aiming: Charm
Press: ? - help, Q - select action, (/) - cycle Shift-Dir - straight line, f - Sonja
Aim: Sonja, wielding a +0 dagger of venom and quivering curare-tipped darts (chance to affect: 65%) Sonja is charmed.
The now-empty wand crumbles to dust.
You feel very sick.
You start resting.
You feel sick. x4
You are no longer poisoned.
You start resting.
Sonja casts a spell.
Sonja blinks!
Sonja is no longer charmed.
Sonja closely misses you.
Sonja hits you with a +0 dagger of venom.
You are poisoned.
Sonja hits you with a +0 dagger of venom.
You are more poisoned.
Sonja barely misses you.
Sonja hits you with a +0 dagger of venom.
You are more poisoned.
Sonja hits you with a +0 dagger of venom.
You are lethally poisoned!
You fail to use your ability.
* * * LOW HITPOINT WARNING * * *
You feel extremely sick.
Sonja hits you with a +0 dagger of venom.
* * * LOW HITPOINT WARNING * * *
You are more poisoned.
Sonja hits you with a +0 dagger of venom.
* * * LOW HITPOINT WARNING * * *
Sonja misses you. Sonja barely misses you.
Sonja hits you with a +0 dagger of venom!
You die...

#..#__####..##(#
#..#_____##'#_.+
#⌠⌠#_.∩...'..._#
####_..__##_.#+#
#_____###'#
#########.##
+$.$+ #$K$#
##@## #+#


You could see Sonja.

Vanquished Creatures
  A yak (D)
  Sigmund (D)
  An ogre (D)
  A jelly (D)
  Ijyb (D)
5 creatures vanquished.

Notes
Turn   | Place    | Note
-------+----------+-------------------------------------------
     0 | D        | cbfl8 the Minotaur Berserker began the quest for the Orb.
     0 | D        | Reached XP level 1. HP: 19/19 MP: 0/0
    14 | D        | Noticed Ijyb
    30 | D        | Killed Ijyb
    31 | D        | Reached skill level 5 in Fighting
    31 | D        | Reached skill level 5 in Axes
    31 | D        | Reached XP level 2. HP: 9/29 MP: 1/1
   376 | D        | Noticed an ogre
   381 | D        | Killed an ogre
   382 | D        | Reached skill level 7 in Axes
   382 | D        | Reached XP level 3. HP: 40/40 MP: 2/2
   382 | D        | Reached XP level 4. HP: 48/48 MP: 3/3
   489 | D        | Noticed Sigmund
   500 | D        | Killed Sigmund
   500 | D        | Reached ** piety under Trog
   501 | D        | Reached skill level 9 in Axes
   501 | D        | Reached skill level 5 in Armour
   501 | D        | Reached skill level 5 in Dodging
   501 | D        | Reached skill level 1 in Stealth
   501 | D        | Reached XP level 5. HP: 19/57 MP: 4/4
   901 | D        | Found an ornate altar of the Wu Jian Council.
   901 | D        | Found a shimmering blue altar of Sif Muna.
   903 | D        | Found a radiant altar of Vehumet.
   910 | D        | Reached skill level 10 in Axes
   910 | D        | Reached skill level 1 in Evocations
   910 | D        | Reached XP level 6. HP: 59/66 MP: 5/5
   960 | D        | Found Nastown's Jewellery Emporium.
   960 | D        | Found an ancient bone altar of Kikubaaqudgha.
   960 | D        | Found a hazy altar of Hepliaklqana.
   960 | D        | Found a stormy altar of Qazlal.
   960 | D        | Found a hide-covered altar of Uskayaw.
   960 | D        | Found a blossoming altar of Fedhas.
   960 | D        | Found a bloodstained altar of Trog.
   960 | D        | Found an iron altar of Okawaru.
   960 | D        | Found a basalt altar of Yredelemnul.
   960 | D        | Found a glowing golden altar of the Shining One.
   960 | D        | Found a snail-covered altar of Cheibriados.
   960 | D        | Found a sacrificial altar of Ru.
   960 | D        | Found a glowing silver altar of Zin.
   960 | D        | Found a shadowy altar of Dithmenos.
   960 | D        | Found a white marble altar of Elyvilon.
   960 | D        | Noticed a yak
   971 | D        | Killed a yak
   972 | D        | Reached skill level 10 in Fighting
   972 | D        | Reached skill level 11 in Axes
   972 | D        | Found an opulent altar of Gozag.
  1069 | D        | Found a sparkling altar of Nemelex Xobeh.
  1112 | D        | Noticed Sonja
  1140 | D        | Slain by Sonja

Illustrated notes

Levels and vault maps discovered:
D:        dungeon_sprint_1 [red_sonja_temple_1, red_sonja_temple_small_1]

Skill      XL: |  1  2  3  4  5  6 |
---------------+-------------------+-----
Fighting       | 5 7 9 10 | 10.9
Axes           | 5 7 9 10 11 | 11.0
Armour         | 3 4 5 6 |  6.1
Dodging        | 3 5 |  5.0
Stealth        | 1 |  1.0
Evocations     | 1 3 |  3.1

Action                   |  1- 3 |  4- 6 || total
-------------------------+-------+-------++-------
Melee: Hand axe          |    16 |    20 ||    36
       Headbutt          |       |     3 ||     3
       Punch             |       |     2 ||     2
Invok: Berserk           |     1 |     1 ||     2
Evoke: Wand              |       |     1 ||     1
  Use: Potion            |     1 |       ||     1
 Stab: Sleeping          |       |     1 ||     1
Dodge: Dodged            |     5 |    12 ||    17
